 Dungeon Crawl Stone Soup version 0.30-a0-622-gddc90eaa04 (webtiles) character file.

Game seed: 10765557403460550542

793 CraigOfTheCreek the Slasher (level 7, -4/57 (60) HPs)
             Began as a Gnoll Berserker on Jan 10, 2023.
             Was a Believer of Trog.
             Slain by a gnoll
             ... wielding a +1 flail of draining
             ... led by a gnoll sergeant
              (6 damage)
             ... on level 7 of the Dungeon.
             The game lasted 00:05:31 (2204 turns).

CraigOfTheCreek the Slasher (Gnoll Berserker)       Turns: 2204, Time: 00:05:31

HP:   -4/57 (60)    AC:  4    Str: 18    XL:     7   Next: 88%
MP:   11/11         EV: 13    Int:  6    God:    Trog [**....]
Gold: 195           SH:  0    Dex: 12    Spells: 11/11 levels left

rFire   + . .      SeeInvis .    a - +0 falchion
rCold   . . .      Faith    .    (no shield)
rNeg    . . .      Spirit   .    n - +1 leather armour {rF+}
rPois   .          Reflect  .    (no helmet)
rElec   .          Harm     .    (no cloak)
rCorr   .          Rampage  .    (no gloves)
Will    .....                    (no boots)
Stlth   ++                       e - amulet of regeneration
HPRegen 1.09/turn                (no ring)
MPRegen 0.12/turn                (no ring)

@: on berserk cooldown, slowed, drained, very slow
A: fangs 1, strong nose, distributed training
a: Renounce Religion, Berserk, Trog's Hand


You were on level 7 of the Dungeon.
You worshipped Trog.
Trog was pleased with you.
You visited 1 branch of the dungeon, and saw 5 of its levels.

You collected 195 gold pieces.

Inventory:

Hand Weapons
 a - a +0 falchion (weapon)
Armour
 n - a +1 leather armour of fire resistance (worn)
Jewellery
 e - an amulet of regeneration (around neck)
 k - an amulet of the acrobat
Scrolls
 c - a scroll of immolation {unknown}
 d - a scroll of amnesia {unknown}
 f - a scroll of poison {unknown}
 h - 2 scrolls of blinking {unknown}
 i - 3 scrolls of identify {unknown}
 j - a scroll of butterflies {unknown}
 m - a scroll of fear {unknown}
Potions
 l - a potion of heal wounds {unknown}


   Skills:
 + Level 7.2 Fighting
 + Level 2.9 Short Blades
 + Level 7.2 Long Blades
 + Level 2.9 Axes
 + Level 2.9 Maces & Flails
 + Level 2.9 Polearms
 + Level 2.9 Staves
 + Level 2.9 Ranged Weapons
 + Level 2.9 Throwing
 + Level 5.4 Armour
 + Level 5.4 Dodging
 + Level 2.9 Stealth
 + Level 2.9 Shields
 + Level 2.9 Unarmed Combat
 + Level 2.9 Spellcasting
 + Level 2.3 Conjurations
 + Level 2.3 Hexes
 + Level 2.3 Summonings
 + Level 2.3 Necromancy
 + Level 2.3 Translocations
 + Level 2.3 Transmutations
 + Level 2.3 Fire Magic
 + Level 2.3 Ice Magic
 + Level 2.3 Air Magic
 + Level 2.3 Earth Magic
 + Level 2.3 Poison Magic
 + Level 3.2 Invocations
 + Level 2.9 Evocations


You had 11 spell levels left.
You didn't know any spells.
Your spell library contained the following spells:

 Spells                   Type           Power      Damage    Failure   Level
 Portal Projectile        Hex/Tloc       6%         N/A       43%         3
 Tukima's Dance           Hex            3%         N/A       43%         3
 Blade Hands              Tmut           1%         N/A       99%         5


Dungeon Overview and Level Annotations

Branches:
Dungeon (7/15)
 Temple: D:4-7

Altars:
Sif Muna

Annotations:
D:3 3 runed translucent doors, Juicyj's ghost, weakling FeCj


Innate Abilities, Weirdness & Mutations

You have very sharp teeth.
Your uncanny sense of smell can sniff out nearby items.
Your experience applies equally to all skills.


Message History

You hit the gnoll sergeant. The gnoll sergeant blocks your attack.
The gnoll sergeant is almost dead.
The gnoll hits you with a +0 whip. The gnoll sergeant misses you.
The gnoll closely misses you.
The gnoll hits you from afar with a +0 spear.
You hit the gnoll sergeant. Your bite misses the gnoll sergeant.
The gnoll sergeant is almost dead.
The gnoll hits you with a +1 flail of draining!
You feel drained. The gnoll closely misses you. The gnoll barely misses you.
The gnoll sergeant barely misses you. The gnoll completely misses you.
You slash the gnoll sergeant!
You kill the gnoll sergeant!
Trog accepts your kill.
Your life force feels restored.
You closely miss the gnoll. The gnoll barely misses you.
The gnoll hits you from afar with a +0 spear.
The gnoll hits you with a +0 whip!
The gnoll hits you with a +1 flail of draining!
You feel drained.
You hit the gnoll. Your bite misses the gnoll.
The gnoll is lightly wounded.
The gnoll barely misses you. The gnoll closely misses you.
The gnoll hits you with a +0 whip!
* * * LOW HITPOINT WARNING * * *
The gnoll hits you with a +1 flail of draining.
* * * LOW HITPOINT WARNING * * *
You feel drained.
* * * LOW HITPOINT WARNING * * *
You hit the gnoll.
The gnoll is moderately wounded.
You hit the gnoll.
The gnoll is heavily wounded.
You are no longer berserk.
You are exhausted.
You feel yourself slow down. The gnoll hits you with a +0 halberd!
* * * LOW HITPOINT WARNING * * *
The gnoll hits you with a +0 whip.
* * * LOW HITPOINT WARNING * * *
The gnoll hits you with a +1 flail of draining.
You die...

#... ..# #...##
##..# #.....
....# ∆
#.....###...# .
............##...
#..)....<..$....
##>...<......#.#.
...$..g)#......#
#####g.@#.#.##...
......gg:........
##..........#..#.
......##.........
.#.##. #.......#(
... .. ##.####.#
.. ... .# $.. .#


You could see 4 gnolls.

Vanquished Creatures
  Prince Ribbit (D:6)
  Duvessa (D:6)
  A phantom (D:6)
  A bullfrog (D:6)
  A necrophage (D:3)
  A gnoll sergeant (D:7)
  Dowan (D:6)
  A jelly (D:7)
  An orc wizard (D:6)
  An iguana (D:6)
  2 gnolls
  An adder (D:2)
  A shadow imp (D:6)
  A white imp (D:6)
  An ufetubus (D:6)
  2 worms (D:2)
  10 orcs
  3 ball pythons (D:1)
  5 endoplasms
  A goblin (D:3)
  3 jackals (D:1)
  2 kobolds (D:1)
  A quokka (D:1)
  2 bats
  3 frilled lizards
  2 rats
50 creatures vanquished.

Notes
Turn   | Place    | Note
-------+----------+-------------------------------------------
     0 | D:1      | CraigOfTheCreek the Gnoll Berserker began the quest for the
                  | Orb.
     0 | D:1      | Reached XP level 1. HP: 23/23 MP: 1/1
   147 | D:1      | Reached XP level 2. HP: 28/29 MP: 2/2
   281 | D:1      | Reached XP level 3. HP: 26/35 MP: 2/4
   315 | D:2      | Reached skill level 1 in Invocations
   459 | D:2      | Reached skill level 1 in Short Blades
   459 | D:2      | Reached skill level 1 in Axes
   459 | D:2      | Reached skill level 1 in Maces & Flails
   459 | D:2      | Reached skill level 1 in Polearms
   459 | D:2      | Reached skill level 1 in Staves
   459 | D:2      | Reached skill level 1 in Ranged Weapons
   459 | D:2      | Reached skill level 1 in Throwing
   459 | D:2      | Reached skill level 1 in Stealth
   459 | D:2      | Reached skill level 1 in Shields
   459 | D:2      | Reached skill level 1 in Unarmed Combat
   459 | D:2      | Reached skill level 1 in Spellcasting
   459 | D:2      | Reached skill level 1 in Evocations
   585 | D:3      | Reached ** piety under Trog
   608 | D:3      | Found a shimmering blue altar of Sif Muna.
   790 | D:3      | Noticed a necrophage
   798 | D:3      | Killed a necrophage
   799 | D:3      | Reached skill level 1 in Conjurations
   799 | D:3      | Reached skill level 1 in Hexes
   799 | D:3      | Reached skill level 1 in Summonings
   799 | D:3      | Reached skill level 1 in Necromancy
   799 | D:3      | Reached skill level 1 in Translocations
   799 | D:3      | Reached skill level 1 in Transmutations
   799 | D:3      | Reached skill level 1 in Fire Magic
   799 | D:3      | Reached skill level 1 in Ice Magic
   799 | D:3      | Reached skill level 1 in Air Magic
   799 | D:3      | Reached skill level 1 in Earth Magic
   799 | D:3      | Reached skill level 1 in Poison Magic
   799 | D:3      | Reached XP level 4. HP: 34/41 MP: 4/6
   799 | D:3      | Reached XP level 5. HP: 40/47 MP: 4/7
   802 | D:3      | Noticed Juicyj's ghost (weakling FeCj)
   833 | D:3      | Found a runed translucent gate.
   833 | D:3      | Found a runed translucent gate.
   859 | D:3      | Found a runed translucent gate.
   867 | D:3      | You fall into a shaft and drop 3 floors!
  1469 | D:6      | Noticed Duvessa
  1469 | D:6      | Noticed Dowan
  1481 | D:6      | Killed Duvessa
  1482 | D:6      | Reached skill level 5 in Armour
  1482 | D:6      | Reached skill level 5 in Dodging
  1482 | D:6      | Reached XP level 6. HP: 36/53 MP: 8/8
  1503 | D:6      | Killed Dowan
  1935 | D:6      | Noticed Prince Ribbit
  1971 | D:6      | HP: 2/79 [Prince Ribbit (4)]
  1972 | D:6      | Killed Prince Ribbit
  1973 | D:6      | Reached XP level 7. HP: 3/60 MP: 10/10
  2204 | D:7      | HP: 2/57 [gnoll/+0 whip[a gnoll sergeant] (4)]
  2204 | D:7      | Slain by a gnoll

Illustrated notes

Levels and vault maps discovered:
D:1:      saegor_arrival_miasma, layout_rooms
D:2:      layout_loops_cross, basic_altar
D:3:      layout_loops_cross, nicolae_sif_muna_condensation,
          gammafunk_ghost_split, portal_sewer_entry_f
D:6:      layout_loops_corners, uniq_prince_ribbit1, uniq_duvessa
D:7:      layout_basic, grunt_temple_overflow_open, uniq_crazy_yiuf_cottage

Skill      XL: |  1  2  3  4  5  6  7 |
---------------+----------------------+-----
Invocations    | 1 2 3 |  3.2
Short Blades   | 1 2 |  2.9
Axes           | 1 2 |  2.9
Maces & Flails | 1 2 |  2.9
Polearms       | 1 2 |  2.9
Staves         | 1 2 |  2.9
Ranged Weapons | 1 2 |  2.9
Throwing       | 1 2 |  2.9
Stealth        | 1 2 |  2.9
Shields        | 1 2 |  2.9
Unarmed Combat | 1 2 |  2.9
Spellcasting   | 1 2 |  2.9
Evocations     | 1 2 |  2.9
Conjurations   | 1 2 |  2.3
Hexes          | 1 2 |  2.3
Summonings     | 1 2 |  2.3
Necromancy     | 1 2 |  2.3
Translocations | 1 2 |  2.3
Transmutations | 1 2 |  2.3
Fire Magic     | 1 2 |  2.3
Ice Magic      | 1 2 |  2.3
Air Magic      | 1 2 |  2.3
Earth Magic    | 1 2 |  2.3
Poison Magic   | 1 2 |  2.3
Armour         | 5 |  5.4
Dodging        | 5 |  5.4
Fighting       | 7 |  7.2
Long Blades    | 7 |  7.2

Action                   |  1- 3 |  4- 6 |  7- 9 || total
-------------------------+-------+-------+-------++-------
Melee: Falchion          |   125 |    80 |    34 ||   239
       Bite              |    15 |     4 |     1 ||    20
       Punch             |     1 |       |     1 ||     2
Invok: Berserk           |       |     5 |     2 ||     7
       Trog's Hand       |       |     1 |       ||     1
  Use: Potion            |       |     2 |       ||     2
 Stab: Sleeping          |     3 |       |       ||     3
Armor: Animal skin       |    22 |     4 |       ||    26
       Leather armour    |       |     9 |     3 ||    12
Dodge: Dodged            |    65 |    78 |    27 ||   170

Table legend: (Time is in decaauts)
 A = Elapsed time spent in this place.
 B = Non-inter-level travel time spent in this place.
 C = Inter-level travel time spent in this place.
 D = Time resting spent in this place.
 E = Time spent auto-exploring this place.
 F = Levels seen in this place.
 G = Mean time per level.
                   A        B        C        D        E       F      G
               +--------+--------+--------+--------+--------+-----+--------+
         Total |   2250 |   2250 |      0 |    476 |   1198 |   5 |  450.0 |
       Dungeon |   2250 |   2250 |      0 |    476 |   1198 |   5 |  450.0 |
               +--------+--------+--------+--------+--------+-----+--------+

Top non-repeatable levels by time:
     D:6: 1374 daAuts
     D:1: 298 daAuts
     D:3: 288 daAuts
     D:2: 274 daAuts
     D:7: 13 daAuts
